 Dungeon Crawl Stone Soup version 0.21.1-1-g345015f (webtiles) character file.

107 glosham the Chopper (level 4, 0/31 HPs)
             Began as an Octopode Berserker on Apr 7, 2018.
             Was a Believer of Trog.
             Slain by a rat (3 damage)
             ... in a sewer.
             The game lasted 00:07:43 (492 turns).

glosham the Chopper (Octopode Berserker)             Turns: 492, Time: 00:07:44

Health: 0/31       AC:  1    Str: 17    XL:     4   Next: 86%
Magic:  4/4        EV: 14    Int:  9    God:    Trog [**....]
Gold:   19         SH:  0    Dex: 11    Spells: 3/3 levels left

rFire    . . .     SeeInvis .   a - +1 hand axe
rCold    . . .     Gourm    .   (no shield)
rNeg     . . .     Faith    .   (helmet restricted)
rPois    .         Spirit   .   (no amulet)
rElec    .         Reflect  .   (no ring)
rCorr    .         Harm     .   (no ring)
MR       .....                  (no ring)
Stlth    ++........             (no ring)
HPRegen  0.10/turn              (no ring)
MPRegen  0.09/turn              (no ring)
                                (no ring)
                                (no ring)

@: no status effects
A: almost no armour, stealthy swim, amphibious, 8 rings, constrict 8, camouflage
1, gelatinous body 1
a: Berserk, Trog's Hand, Burn Spellbooks, Renounce Religion


You were in a sewer.
You worshipped Trog.
Trog was pleased with you.
You were not hungry.

You visited 1 branch of the dungeon, and saw 3 of its levels.
You also visited: Sewer.

You collected 19 gold pieces.

Inventory:

Hand Weapons
 a - a +1 hand axe (weapon)
Scrolls
 h - a scroll of teleportation
Potions
 d - a potion of haste {unknown}
 e - a potion of brilliance {unknown}
 f - a potion of might {unknown}
 g - a potion of magic {unknown}
Comestibles
 b - 2 rations
 c - 3 chunks of flesh


   Skills:
 - Level 3.0 Fighting
 * Level 5.4 Axes
 - Level 3.0 Dodging


You had 3 spell levels left.
You didn't know any spells.

Dungeon Overview and Level Annotations

Branches:
Dungeon (3/15)

Altars:


Innate Abilities, Weirdness & Mutations

You cannot wear most types of armour.
You are very stealthy in the water. (Stealth+)
You are amphibious.
You can wear up to eight rings at the same time.
You can use your tentacles to constrict eight enemies at once.
Your skin changes colour to match your surroundings (Stealth+).
Your rubbery body absorbs attacks. (AC +1, EV +1)


Message History

You see here a frilled lizard corpse.
You butcher the frilled lizard corpse.
You hear a splash.
c - 3 chunks of flesh (gained 1)
You see here a frilled lizard skeleton.
Found a scroll labeled KUARIU JYTYA and a fuming cyan potion.
e - a fuming cyan potion Autopickup is now off.
You see here a scroll labeled KUARIU JYTYA.
As you read the scroll labeled KUARIU JYTYA, it crumbles to dust.
You assume a fearsome visage.
Nothing appears to happen.
It was a scroll of fear.
Autopickup is now on.
Some of the chunks of flesh in your inventory have rotted away.
A rat and a river rat come into view.
The helpless rat fails to defend itself.
You hit the rat. Your grab misses the rat.
The rat is heavily wounded.
The rat bites you.
You slash the rat!
You kill the rat!
Trog accepts your kill.
You closely miss the river rat. You grab the river rat.
You constrict the river rat.
The river rat bites you but does no damage.
You hit the river rat. You squeeze the river rat.
The river rat is heavily wounded.
You constrict the river rat. The river rat bites you!
* * * LOW HITPOINT WARNING * * *
You barely miss the river rat.
The river rat is almost dead.
You constrict the river rat.
You kill the river rat!
Trog accepts your kill.
You see here a rat corpse.
You butcher the rat corpse.
c - 3 chunks of flesh (gained 1)
A rat comes into view.
The rat bites you.
You die...

## ##r# #@## #.#.## ####.#
#################.###############
≈≈≈≈#≈≈..≈...≈.≈≈≈≈.≈≈.≈≈≈≈≈≈≈.≈.
≈≈≈≈#≈≈..≈≈≈≈.≈...÷≈≈.≈≈≈≈≈≈≈≈..≈
#################################


You could see a rat.

Vanquished Creatures
  An adder (D:2)
  7 river rats
  A dart slug (D:1)
  3 bats
  3 giant cockroaches (D:3)
  A goblin (D:3)
  3 hobgoblins
  2 jackals (D:2)
  A quokka (D:2)
  6 ball pythons
  3 frilled lizards
  7 rats
38 creatures vanquished.

Notes
Turn   | Place    | Note
-------+----------+-------------------------------------------
     0 | D:1      | glosham the Octopode Berserker began the quest for the Orb.
     0 | D:1      | Reached XP level 1. HP: 16/16 MP: 1/1
    85 | D:2      | Reached XP level 2. HP: 21/21 MP: 2/2
   101 | D:2      | Reached skill level 4 in Axes
   128 | D:2      | Reached XP level 3. HP: 8/26 MP: 3/3
   291 | D:3      | Reached ** piety under Trog
   293 | D:3      | Found a glowing drain.
   297 | Sewer    | Entered a sewer
   351 | Sewer    | Reached XP level 4. HP: 11/31 MP: 4/4
   368 | Sewer    | Reached skill level 5 in Axes
   370 | Sewer    | HP: 3/31 [river rat (9)]
   487 | Sewer    | HP: 2/31 [river rat (7)]
   492 | Sewer    | Slain by a rat

Skill      XL: |  1  2  3  4 |
---------------+-------------+-----
Axes           | 4 5 |  5.4
Fighting       | |  3.0
Dodging        | |  3.0

Action                   |  1- 3 |  4- 6 || total
-------------------------+-------+-------++-------
Melee: Hand axe          |    59 |    18 ||    77
       Constrict         |    15 |     5 ||    20
       Tentacles         |     4 |     2 ||     6
Invok: Berserk           |     1 |     1 ||     2
  Use: Scroll            |     1 |     3 ||     4
 Stab: Sleeping          |     8 |     2 ||    10
Armor: Skin              |     4 |     1 ||     5
Dodge: Dodged            |    49 |    15 ||    64

Table legend:
 A = Turns spent in this place as a percentage of turns spent in the entire game.
 B = Non-inter-level travel turns spent in this place as a percentage of non-inter-level travel turns spent in the entire game.
 C = Inter-level travel turns spent in this place as a percentage of turns spent in this place.
 D = Turns resting spent in this place as a percentage of non-inter-level travel turns spent in this place.
 E = Turns spent auto-exploring this place as a percentage of non-inter-level travel turns spent in this place.
 F = Non-inter-level travel turns spent in this place divided by the number of levels of this place that you've seen.
                   A       B       C       D       E      F
               +-------+-------+-------+-------+-------+----------------------
         Total | 100.0 | 100.0 |   0.0 |   0.0 |   0.0 | 123.0
       Dungeon |  60.4 |  60.4 |   0.0 |   0.0 |   0.0 |  99.0
         Sewer |  39.6 |  39.6 |   0.0 |   0.0 |   0.0 | 195.0
               +-------+-------+-------+-------+-------+----------------------

Table legend:
 A = Kills in this place as a percentage of kills in entire the game.
 B = Kills by you in this place as a percentage of kills by you in the entire game.
 C = Kills by friends in this place as a percentage of kills by friends in the entire game.
 D = Other kills in this place as a percentage of other kills in the entire game.
 E = Experience gained in this place as a percentage of experience gained in the entire game.
 F = Experience gained in this place divided by the number of levels of this place that you have seen.
                   A       B       C       D       E      F
               +-------+-------+-------+-------+-------+----------------------
         Total | 100.0 | 100.0 |   N/A |   N/A | 100.0 |  38.5
       Dungeon |  63.2 |  63.2 |   N/A |   N/A |  41.6 |  21.3
         Sewer |  36.8 |  36.8 |   N/A |   N/A |  58.4 |  90.0
               +-------+-------+-------+-------+-------+----------------------

Vault maps used:
D:1:      dpeg_arrival_houses_and_road
D:2:      nicolae_overflow_crystal_walls, first_ration, uniq_jessica
D:3:      marbit_many_paths, lemuel_round_altar, gup_sewer_entry_spiral
Sewer:    sewer_co_cracked_pipes
